 Dungeon Crawl Stone Soup version 0.31-a0-716-gc7603755dd (webtiles) character file.

Game seed: 3999723619044794817

1399 DocEon the Shooter (level 8, 37/37 HPs)
             Began as a Spriggan Hexslinger on Sept 8, 2023.
             Quit the game in a sewer on Sept 10, 2023.
             The game lasted 00:13:34 (6326 turns).

DocEon the Shooter (Spriggan Hexslinger)            Turns: 6326, Time: 00:13:35

Health: 37/37      AC:  4    Str:  4    XL:     8   Next: 41%
Magic:  16/16      EV: 20    Int: 16    God:
Gold:   249        SH:  0    Dex: 18    Spells: 1/17 levels left

rFire   . . .        a - +3 sling
rCold   . . .        (no shield)
rNeg    . . .        c - +0 robe
rPois   .            (helmet restricted)
rElec   .            k - +1 cloak
rCorr   .            (gloves unavailable)
SInv    +            (boots unavailable)
Will    +....        (no amulet)
Stlth   +++          (no ring)
HPRegen 0.26/turn    (no ring)
MPRegen 0.15/turn

%: no passive effects
@: very quick
A: very small, no large weapons, unfitting armour, see invisible, speed 3
a: no special abilities


You were in a sewer.
You visited 1 branch of the dungeon, and saw 6 of its levels.
You also visited: Sewer.

You collected 249 gold pieces.

Inventory:

Hand Weapons
 a - a +3 sling (weapon)
Missiles
 d - 2 throwing nets
 l - 13 poisoned darts
Armour
 c - a +0 robe (worn)
 k - a +1 cloak (worn)
Jewellery
 j - a ring of positive energy
Wands
 r - a wand of charming (10)
Scrolls
 b - a scroll of poison
 f - a scroll of immolation {unknown}
 g - 2 scrolls of revelation
 m - 3 scrolls of blinking
Potions
 e - 2 potions of curing
 h - a potion of enlightenment {unknown}
 i - a potion of might
 n - a potion of haste {unknown}
 q - 2 potions of degeneration {unknown}


   Skills:
 - Level 0.7 Fighting
 * Level 6.6 Ranged Weapons
 + Level 6.0 Dodging
 + Level 6.4 Stealth
 - Level 5.0 Spellcasting
 - Level 5.0 Hexes
 + Level 3.3 Translocations
 - Level 0.7 Fire Magic


You had one spell level left.
You knew the following spells:

 Your Spells              Type           Power      Damage    Failure   Level
a - Jinxbite              Hex            40%        N/A       3%          2
b - Cause Fear            Hex            10%        N/A       19%         4
c - Sigil of Binding      Hex            20%        N/A       6%          3
d - Dimensional Bullseye  Hex/Tloc       8%         N/A       26%         4
e - Gell's Gravitas       Tloc           14%        N/A       12%         3

Your spell library contained the following spells:

 Spells                   Type           Power      Damage    Failure   Level
 Teleport Other           Tloc           14%        N/A       12%         3
 Inner Flame              Hex/Fire       13%        N/A       14%         3
 Animate Armour           Summ/Erth      8%         N/A       83%         4
 Summon Ice Beast         Ice/Summ       4%         N/A       83%         4
 Summon Lightning Spire   Summ/Air       4%         N/A       83%         4
 Summon Mana Viper        Hex/Summ       12%        N/A       83%         5
 Lee's Rapid Deconstruct  Erth           2%         3d4*      99%         5
 Dispersal                Tloc           7%         N/A       99%         6
 Monstrous Menagerie      Summ           2%         N/A       100%        7


Dungeon Overview and Level Annotations

Branches:
Dungeon (6/15)             Temple (0/1) D:5           Sewer (1/1)

Altars:
Elyvilon
Hepliaklqana
Kikubaaqudgha
Nemelex Xobeh
Ru
Sif Muna
Vehumet
Xom


Innate Abilities, Weirdness & Mutations

You are very small and have problems with some larger weapons.
You are too small for most types of armour.
You have supernaturally acute eyesight. (SInv)
You cover ground extremely quickly. (Speed+++)


Message History

The worm is lightly wounded.
You shoot a sling bullet. The sling bullet hits the worm.
The worm is moderately wounded.
You shoot a sling bullet. The sling bullet hits the worm.
The worm is heavily wounded.
You shoot a sling bullet. The sling bullet hits the worm.
The worm is severely wounded.
You shoot a sling bullet. The sling bullet hits the worm!
You kill the worm!
No target in view!
No target in view!
You enter the shallow water.
Moving in this stuff is going to be slow.
An adder comes into view.
You shoot a sling bullet. The sling bullet hits the adder.
The adder hisses angrily.
The adder is moderately wounded.
You shoot a sling bullet. The sling bullet hits the adder!
You kill the adder!
No target in view!
No target in view!
No target in view!
No target in view!
You enter the shallow water.
Moving in this stuff is going to be slow.
You see here an adder corpse.
You enter the shallow water.
Moving in this stuff is going to be slow.
Found a glowing drain.
There is a glowing drain here.
The world spins around you as you enter the gateway.
You enter a sewer!
Found a gate leading back out of this place.
There is an empty arch of ancient stone here.
You shoot a sling bullet. The sling bullet hits the rat.
You kill the rat!
No target in view!
Welcome back, DocEon the Spriggan Hexslinger.
Press ? for a list of commands and other information.
Are you sure you want to abandon this character and quit the game? (Confirm with "yes".)

~.~.
#~~~
...
##~~#
#~..
#.~#
#~~#
#@∩#
#~.#
#~~#
#.~~
##.~#
...
#.~~
.~.~


There were no monsters in sight!

Vanquished Creatures
  A wraith (D:5)
  A water moccasin (D:5)
  A black bear (D:4)
  A phantom (D:5)
  A centaur (D:5)
  2 scorpions (D:5)
  2 hounds (D:5)
  3 jellies
  2 sleepcaps
  Crazy Yiuf (D:2)
  2 iguanas
  Natasha (thrice) (D:4)
  2 orc wizards (D:5)
  Robin (D:2)
  14 gnolls
  5 adders
  2 shadow imps (D:5)
  6 worms
  4 dart slugs
  13 orcs
  7 endoplasms
  7 giant cockroaches
  18 goblins
  9 hobgoblins
  8 jackals
  8 quokkas
  6 ball pythons
  2 bats
  3 frilled lizards
  6 kobolds
  12 rats
153 creatures vanquished.

Notes
Turn   | Place    | Note
-------+----------+-------------------------------------------
     0 | D:1      | DocEon the Spriggan Hexslinger began the quest for the Orb.
     0 | D:1      | Reached XP level 1. HP: 9/9 MP: 3/3
   256 | D:1      | Reached skill level 1 in Stealth
   334 | D:1      | Reached XP level 2. HP: 14/14 MP: 5/5
   496 | D:1      | Learned a level 2 spell: Jinxbite
   934 | D:1      | Reached XP level 3. HP: 17/17 MP: 7/7
  1423 | D:2      | Noticed Robin
  1445 | D:2      | Killed Robin
  1452 | D:2      | Reached XP level 4. HP: 17/21 MP: 7/9
  1641 | D:2      | Found a faded altar of an unknown god.
  1641 | D:2      | Noticed a chaos spawn
  1819 | D:2      | Found a runed translucent door.
  1820 | D:2      | Noticed Crazy Yiuf
  1839 | D:2      | Killed Crazy Yiuf
  2280 | D:3      | Learned a level 4 spell: Cause Fear
  2357 | D:3      | Reached XP level 5. HP: 9/25 MP: 7/11
  3160 | D:4      | Found a radiant altar of Vehumet.
  3161 | D:4      | Found an ancient bone altar of Kikubaaqudgha.
  3161 | D:4      | Found a hazy altar of Hepliaklqana.
  3164 | D:4      | Noticed a black bear
  3194 | D:4      | Killed a black bear
  3195 | D:4      | Reached skill level 5 in Stealth
  3195 | D:4      | Reached XP level 6. HP: 14/29 MP: 8/13
  3651 | D:4      | Noticed Natasha
  3662 | D:4      | Killed Natasha
  3663 | D:4      | Reached skill level 5 in Spellcasting
  3669 | D:4      | Learned a level 3 spell: Sigil of Binding
  3685 | D:4      | Noticed Natasha
  3692 | D:4      | Killed Natasha
  3759 | D:4      | Reached skill level 5 in Dodging
  3819 | D:4      | Found a shimmering blue altar of Sif Muna.
  3820 | D:4      | Found a sparkling altar of Nemelex Xobeh.
  3871 | D:4      | Reached XP level 7. HP: 29/32 MP: 15/15
  3932 | D:4      | Found a shimmering altar of Xom.
  3941 | D:4      | Found a sacrificial altar of Ru.
  3970 | D:4      | Found a white marble altar of Elyvilon.
  4174 | D:4      | Noticed Natasha
  4183 | D:4      | Killed Natasha
  4286 | D:5      | Entered Level 5 of the Dungeon
  4314 | D:5      | Reached skill level 5 in Ranged Weapons
  4420 | D:5      | Learned a level 4 spell: Dimensional Bullseye
  4649 | D:5      | Reached skill level 1 in Translocations
  4817 | D:5      | Found a staircase to the Ecumenical Temple.
  4859 | D:5      | Reached XP level 8. HP: 35/37 MP: 16/16
  4863 | D:5      | Learned a level 3 spell: Gell's Gravitas
  5862 | D:5      | Upgraded the game from 0.31-a0-702-gf82c85558f to
                  | 0.31-a0-716-gc7603755dd
  6031 | D:5      | Reached skill level 5 in Hexes
  6320 | D:6      | Found a glowing drain.
  6324 | Sewer    | Entered a sewer
  6326 | Sewer    | Quit the game

Illustrated notes

Levels and vault maps discovered:
D:1:      co_arrival_square_in_a_square_in_a_square, layout_loops_ring,
          nicolae_hexahallways, dreamdust_princess_corridor,
          serial_bayou_ford_a, st_stairs_13
D:2:      layout_loops_ring, dreamdust_ecumenical_altar_sealed_demon,
          hangedman_glass_teeth, uniq_robin, uniq_crazy_yiuf_cottage
D:3:      minmay_razor_zed, layout_basic
D:4:      layout_basic, gammafunk_temple_overflow_claw,
          gammafunk_temple_overflow_forgotten, mainiacjoe_overflow_swirl,
          supply_closet_lemuel, kennysheep_generic_room_13, uniq_natasha
D:5:      layout_basic, minmay_temple_entry_poolview, serial_co_window_serial,
          co_window_paths_b, co_window_corner_a, co_window_paths_b,
          co_window_paths_b, co_window_cross_1, co_window_unsneaky_path_e,
          co_window_broadway_a, co_window_of_opportunity_b,
          co_window_of_opportunity_b, co_window_2corner, glass_columns_a,
          glass_columns_a
D:6:      layout_basic, gup_sewer_entry_spiral
Sewer:    sewer_hellmonk_bad_rat

Skill      XL: |  1  2  3  4  5  6  7  8 |
---------------+-------------------------+-----
Stealth        | 1 2 3 5 6 |  6.4
Spellcasting   | 2 3 4 5 |  5.0
Hexes          | 4 5 |  5.0
Dodging        | 3 4 5 6 |  6.0
Ranged Weapons | 3 4 6 |  6.6
Translocations | 1 3 |  3.3
Fighting       | |  0.7
Fire Magic     | |  0.7

Action                     |  1- 3 |  4- 6 |  7- 9 || total
---------------------------+-------+-------+-------++-------
   Fire: Sling             |   104 |   254 |   236 ||   594
  Throw: Throwing net      |       |     1 |       ||     1
   Cast: Jinxbite          |     6 |    10 |     1 ||    17
         Sigil of Binding  |       |       |     6 ||     6
         Cause Fear        |       |       |     2 ||     2
    Use: Scroll            |     3 |       |     7 ||    10
 Armour: Robe              |    13 |    52 |    36 ||   101
  Dodge: Dodged            |    32 |   123 |    96 ||   251

Table legend: (Time is in decaauts)
 A = Elapsed time spent in this place.
 B = Non-inter-level travel time spent in this place.
 C = Inter-level travel time spent in this place.
 D = Time resting spent in this place.
 E = Time spent auto-exploring this place.
 F = Levels seen in this place.
 G = Mean time per level.
                   A        B        C        D        E       F      G
               +--------+--------+--------+--------+--------+-----+--------+
         Total |   4739 |   4603 |    136 |    612 |   2805 |   7 |  677.0 |
       Dungeon |   4737 |   4601 |    136 |    612 |   2805 |   6 |  789.5 |
         Sewer |      1 |      1 |      0 |      0 |      0 |   1 |    1.0 |
               +--------+--------+--------+--------+--------+-----+--------+

Top non-repeatable levels by time:
     D:5: 1323 daAuts
     D:4: 923 daAuts
     D:3: 865 daAuts
     D:1: 772 daAuts
     D:2: 656 daAuts
     D:6: 196 daAuts
   Sewer: 1 daAuts
